AoeStats
← El Tlacuache

Arabian Desert

510236411Analyzed
1v1 RM · 3d ago on Sep 30, 2026· 36m 27s· 2 players
Game mode
Random Map
Map size
Tiny (2 player)
Population
200
Speed
Normal
Resources
Standard
Victory
Conquest
Starting age
Dark Age
Ending age
Imperial Age
RankedLock teamsTeams togetherTeam positionsShared explorationLock speedFull tech treeHidden civsTurbo modeCheats
Victory
Defeat
🇲🇽 Khmer · Mexico
1549
+15
🇨🇴 Mongols · Colombia
1525
-15
Chang Hua
6:11 Loom
9:14 Feudal Age
10:19 Man-at-Arms
12:03 Double-Bit Axe
15:59 Fletching
17:58 Gold Mining
18:53 Padded Archer Armor
21:22 Castle Age
21:27 Pikeman
26:40 Scale Mail Armor
28:58 Horse Collar
El Tlacuache
7:12 Loom
9:51 Feudal Age
17:44 Castle Age
19:04 Forging
19:00 Scale Barding Armor
19:19 Bloodlines
21:22 Husbandry
24:56 Iron Casting
26:34 Fletching
28:14 Double-Bit Axe
29:25 Gold Mining
29:32 Town Watch
33:42 Bow Saw
38:19 Imperial Age
36:35 Bodkin Arrow
Connection lost

Rejoining the realm…

Still unreachable

The connection could not be restored.

Session expired

The server has moved on; the page needs a fresh start.